 Dungeon Crawl Stone Soup version 0.27.1-33-g824d729ab1 (webtiles) character file.

Game seed: 2591473384934643294

173 coolio the Shield-Bearer (level 5, -2/47 HPs)
             Began as a Gnoll Fighter on Dec 2, 2021.
             Killed from afar by a steam dragon (13 damage)
             ... with a ball of steam
             ... on level 4 of the Dungeon.
             The game lasted 00:03:23 (3198 turns).

coolio the Shield-Bearer (Gnoll Fighter)            Turns: 3198, Time: 00:03:23

Health: -2/47      AC:  9    Str: 16    XL:     5   Next: 53%
Magic:  7/7        EV:  9    Int:  8    God:
Gold:   48         SH: 10    Dex: 11    Spells: 7/7 levels left

rFire    . . .     SeeInvis .   a - +0 trident
rCold    . . .     Faith    .   c - +0 kite shield
rNeg     . . .     Spirit   .   k - +0 acid dragon scales
rPois    .         Reflect  .   (no helmet)
rElec    .         Harm     .   (no cloak)
rCorr    +         Rampage  .   h - +0 pair of gloves
Will     .....                  (no boots)
Stlth    +.........             (no amulet)
HPRegen  0.15/turn              (no ring)
MPRegen  0.10/turn              (no ring)

@: very slightly contaminated, invisible
A: fangs 1, strong nose, distributed training
a: no special abilities


You were on level 4 of the Dungeon.
You visited 1 branch of the dungeon, and saw 4 of its levels.

You collected 48 gold pieces.

Inventory:

Hand Weapons
 a - a +0 trident (weapon)
Armour
 c - a +0 kite shield (worn)
 h - a +0 pair of gloves (worn)
 k - +0 acid dragon scales (worn)
Jewellery
 e - a ring of magical power
Scrolls
 f - 3 scrolls of identify {unknown}
 j - a scroll of acquirement {unknown}
 m - a scroll of torment {unknown}
 n - a scroll of vulnerability {unknown}
Potions
 d - a potion of might
 i - a potion of lignification {unknown}
 l - a potion of heal wounds {unknown}


   Skills:
 + Level 6.7 Fighting
 + Level 1.5 Short Blades
 + Level 1.5 Long Blades
 + Level 1.5 Axes
 + Level 1.5 Maces & Flails
 + Level 4.8 Polearms
 + Level 1.5 Staves
 + Level 1.5 Slings
 + Level 1.5 Bows
 + Level 1.5 Crossbows
 + Level 1.5 Throwing
 + Level 6.7 Armour
 + Level 1.5 Dodging
 + Level 1.5 Stealth
 + Level 6.7 Shields
 + Level 1.5 Unarmed Combat
 + Level 1.5 Spellcasting
 + Level 1.2 Conjurations
 + Level 1.2 Hexes
 + Level 1.2 Summonings
 + Level 1.2 Necromancy
 + Level 1.2 Translocations
 + Level 1.2 Transmutations
 + Level 1.2 Fire Magic
 + Level 1.2 Ice Magic
 + Level 1.2 Air Magic
 + Level 1.2 Earth Magic
 + Level 1.2 Poison Magic
 + Level 1.7 Invocations
 + Level 1.5 Evocations


You had 7 spell levels left.
You didn't know any spells.
Your spell library contained the following spells:

 Spells                   Type           Power      Damage    Failure   Level
 Passwall                 Tmut/Erth      1%         N/A       78%         2
 Ozocubu's Armour         Ice            2%         N/A       95%         3
 Swiftness                Air            2%         N/A       95%         3
 Invisibility             Hex            1%         N/A       100%        6
 Ozocubu's Refrigeration  Ice            1%         4d5       100%        7


Dungeon Overview and Level Annotations

Branches:
Dungeon (4/15)
 Temple: D:4-7

Altars:


Innate Abilities, Weirdness & Mutations

You have very sharp teeth.
Your uncanny sense of smell can sniff out nearby items.
Your experience applies equally to all skills.


Message History

You hit the steam dragon but do no damage.
The steam dragon bites you but does no damage.
You block the steam dragon's attack.
You completely miss the steam dragon. You block the steam dragon's attack. x2
You closely miss the steam dragon. The steam dragon bites you.
The steam dragon claws you. You block the steam dragon's attack.
The steam dragon claws you.
You hit the steam dragon.
The steam dragon is lightly wounded.
You block the steam dragon's attack. The steam dragon barely misses you.
You hit the steam dragon.
You bite the steam dragon, but do no damage.
The steam dragon is lightly wounded.
The steam dragon breathes steam at you. The ball of steam hits you!
* * * LOW HITPOINT WARNING * * *
You barely miss the steam dragon.
The steam dragon is lightly wounded.
You are engulfed in a cloud of scalding steam.
* * * LOW HITPOINT WARNING * * *
The steam dragon bites you.
* * * LOW HITPOINT WARNING * * *
The steam dragon closely misses you.
It was a potion of curing.
You feel better.
You are engulfed in a cloud of scalding steam.
The steam dragon barely misses you. The steam dragon completely misses you.
You feel better.
You are engulfed in a cloud of scalding steam.
* * * LOW HITPOINT WARNING * * *
You block the steam dragon's attack.
The steam dragon claws you but does no damage.
Okay, then.
It was a potion of invisibility.
You fade into invisibility!
You block the steam dragon's attack. The steam dragon claws you.
* * * LOW HITPOINT WARNING * * *
You are very lightly contaminated with residual magic.
The steam dragon breathes steam at you. The ball of steam hits you!
You die...

#. ##..## #.# ###..##
#.# #.....# ##
#.#####...#.## ..
#..##..###..## ∆...
#....## ##..### #...
#....# ##...##....
#....## ##....(...
##..@§D## ##.†......
##)))#...####(........
#...####...†.........#
#.<## ##########...##
#..# #..## #.## #..#
#. #.## #. ## #.


You could see a steam dragon (catching breath).

Vanquished Creatures
  4 gnolls (D:2)
  5 adders
  2 worms (D:2)
  4 dart slugs
  4 orcs (D:4)
  11 ball pythons
  9 bats
  6 endoplasms
  4 giant cockroaches
  6 goblins
  3 hobgoblins
  3 quokkas
  A frilled lizard (D:1)
  7 kobolds
  5 rats
74 creatures vanquished.

Vanquished Creatures (others)
  A giant cockroach (D:4)
1 creature vanquished.

Grand Total: 75 creatures vanquished

Notes
Turn   | Place    | Note
-------+----------+-------------------------------------------
     0 | D:1      | coolio the Gnoll Fighter began the quest for the Orb.
     0 | D:1      | Reached XP level 1. HP: 23/23 MP: 1/1
   144 | D:1      | Reached XP level 2. HP: 28/29 MP: 2/2
   634 | D:1      | Reached XP level 3. HP: 35/35 MP: 3/3
  1380 | D:2      | Reached skill level 1 in Invocations
  1473 | D:2      | Reached skill level 1 in Short Blades
  1473 | D:2      | Reached skill level 1 in Long Blades
  1473 | D:2      | Reached skill level 1 in Axes
  1473 | D:2      | Reached skill level 1 in Maces & Flails
  1473 | D:2      | Reached skill level 1 in Staves
  1473 | D:2      | Reached skill level 1 in Slings
  1473 | D:2      | Reached skill level 1 in Bows
  1473 | D:2      | Reached skill level 1 in Crossbows
  1473 | D:2      | Reached skill level 1 in Throwing
  1473 | D:2      | Reached skill level 1 in Dodging
  1473 | D:2      | Reached skill level 1 in Stealth
  1473 | D:2      | Reached skill level 1 in Unarmed Combat
  1473 | D:2      | Reached skill level 1 in Spellcasting
  1473 | D:2      | Reached skill level 1 in Evocations
  1473 | D:2      | Reached XP level 4. HP: 22/41 MP: 5/5
  1929 | D:2      | Reached skill level 1 in Conjurations
  1929 | D:2      | Reached skill level 1 in Hexes
  1929 | D:2      | Reached skill level 1 in Summonings
  1929 | D:2      | Reached skill level 1 in Necromancy
  1929 | D:2      | Reached skill level 1 in Translocations
  1929 | D:2      | Reached skill level 1 in Transmutations
  1929 | D:2      | Reached skill level 1 in Fire Magic
  1929 | D:2      | Reached skill level 1 in Ice Magic
  1929 | D:2      | Reached skill level 1 in Air Magic
  1929 | D:2      | Reached skill level 1 in Earth Magic
  1929 | D:2      | Reached skill level 1 in Poison Magic
  2368 | D:3      | Reached XP level 5. HP: 47/47 MP: 6/6
  2534 | D:3      | Found a faded altar of an unknown god.
  3170 | D:4      | Noticed a steam dragon
  3198 | D:4      | Killed from afar by a steam dragon

Illustrated notes

Levels and vault maps discovered:
D:1:      matt_arrival_grand_opening, layout_basic
D:2:      layout_basic
D:3:      layout_basic, shapermc_ecumenical_altar_mp_vishouse
D:4:      layout_layer_cave, uniq_pikel

Skill      XL: |  1  2  3  4 |
---------------+-------------+-----
Invocations    | 1 |  1.7
Short Blades   | 1 |  1.5
Long Blades    | 1 |  1.5
Axes           | 1 |  1.5
Maces & Flails | 1 |  1.5
Staves         | 1 |  1.5
Slings         | 1 |  1.5
Bows           | 1 |  1.5
Crossbows      | 1 |  1.5
Throwing       | 1 |  1.5
Dodging        | 1 |  1.5
Stealth        | 1 |  1.5
Unarmed Combat | 1 |  1.5
Spellcasting   | 1 |  1.5
Evocations     | 1 |  1.5
Conjurations   | 1 |  1.2
Hexes          | 1 |  1.2
Summonings     | 1 |  1.2
Necromancy     | 1 |  1.2
Translocations | 1 |  1.2
Transmutations | 1 |  1.2
Fire Magic     | 1 |  1.2
Ice Magic      | 1 |  1.2
Air Magic      | 1 |  1.2
Earth Magic    | 1 |  1.2
Poison Magic   | 1 |  1.2
Fighting       | |  6.7
Polearms       | |  4.8
Armour         | |  6.7
Shields        | |  6.7

Action                   |  1- 3 |  4- 6 || total
-------------------------+-------+-------++-------
Melee: Trident           |   118 |   146 ||   264
       Bite              |     7 |     9 ||    16
  Use: Potion            |       |     3 ||     3
 Stab: Sleeping          |       |     4 ||     4
Armor: Scale mail        |    34 |    16 ||    50
       Acid dragon scale |       |    36 ||    36
Dodge: Dodged            |    31 |    39 ||    70
Block: Kite shield       |    69 |    87 ||   156
